Map: Terraform LE (Void)

Players

Patience

  • Race: Zerg Zerg
  • League: Grandmaster

Bones - Winner!

  • Race: Protoss Protoss
  • League: Master

Event: ASL Season 5 Prime League LOTV Beta

VOD

Have the link to the VOD?

Description

Time

  • Played on: Sept. 3, 2015, 8:27 p.m.
  • Length: 17:49

All games in this series

Show
View Real Time Build Order
Export as new Build Order

Patience Zerg 

Build Orders: 3 Hatch before Pool 

Get SALT Encoding   

  12  0:01  Drone  
  13  0:08  Drone  
  14  0:17  Overlord  
  14  0:36  Drone x3  
  17  0:47  Drone  
  18  0:56  Hatchery  
  17  1:03  Drone  
  18  1:10  Drone  
  19  1:20  Hatchery  
  18  1:26  Extractor  
  17  1:35  Spawning Pool  
  17  1:37  Drone  
  17  1:42  Drone  
  17  1:44  Drone  
  19  2:00  Overlord  
  19  2:10  Drone x2  
  21  2:16  Drone  
  22  2:28  Queen x2  
  26  2:33  Queen  
  26  2:35  Metabolic Boost  
  28  2:39  Drone  
  28  2:41  Drone  
  30  2:47  Drone x2  
  30  2:48  Drone  
  33  2:52  Drone  
  33  2:53  Drone  
  33  2:55  Drone  
  36  2:59  Drone  
  36  3:00  Drone  
  38  3:06  Drone x2  
  38  3:08  Overlord  
  40  3:14  Overlord  
  40  3:30  Drone x4  
  40  3:31  Drone x2  
  40  3:32  Queen  
  40  3:33  Queen  
  50  3:37  Drone x2  
  50  3:39  Drone  
  53  3:46  Drone x4  
  57  3:48  Extractor  
  57  3:49  Extractor  
  55  3:56  Zergling x6  
  55  3:59  Overlord  
  55  4:00  Overlord  
  58  4:18  Drone  
  58  4:19  Drone x2  
  61  4:24  Lair  
  61  4:25  Evolution Chamber  
  61  4:27  Evolution Chamber  
  61  4:28  Drone  
  61  4:29  Drone x9  
  69  4:37  Hatchery, Overlord  
  67  4:55  Overlord x2  
  67  5:00  Zergling x2  
  67  5:01  Zergling x16  
  67  5:05  Spore Crawler  
  75  5:18  Spore Crawler  
  67  5:30  Zergling x22  
  67  5:33  Zerg Ground Armor Level 1, Zerg Melee Weapons Level 1  
  75  5:39  Drone x2  
  77  5:45  Spire  
  75  5:55  Drone x3  
  75  5:56  Drone x5  
  79  6:00  Extractor  
  79  6:01  Extractor  
  76  6:11  Drone x6  
  72  6:26  Drone x2  
  72  6:27  Drone x4  
  78  6:39  Drone x4  
  81  6:42  Extractor  
  81  6:43  Hatchery  
  81  6:45  Drone x4  
  81  6:46  Drone  
  84  6:50  Overseer  
  84  6:53  Zergling x2  
  88  6:54  Zergling x6  
  88  6:59  Overlord x5  
  86  7:16  Zerg Flyer Weapons Level 1  
  86  7:23  Mutalisk x11  
  86  7:26  Zergling x2  
  86  7:27  Zergling x14  
  116  7:30  Extractor  
  116  7:34  Extractor  
  113  7:54  Zerg Ground Armor Level 2  
  113  7:55  Zerg Melee Weapons Level 2  
  113  7:57  Drone  
  113  7:58  Drone x6  
  118  7:59  Drone x7, Overlord  
  118  8:00  Drone, Overlord x3  
  125  8:31  Mutalisk x6  
  120  8:53  Queen  
  118  8:56  Zergling x24  
  118  8:57  Zergling x24  
  118  9:01  Infestation Pit  
  138  9:17  Hatchery  
  136  9:25  Zergling x2  
  136  9:26  Zergling x36  
  136  9:27  Zergling x2  
  156  9:31  Spine Crawler  
  156  9:32  Spine Crawler  
  156  9:34  Zerg Flyer Weapons Level 2  
  154  9:46  Spire  
  125  10:05  Mutalisk  
  125  10:06  Corruptor  
  123  10:07  Corruptor x11  
  145  10:15  Corruptor x2  
  145  10:20  Hive  
  148  10:27  Overlord  
  148  10:28  Overlord x2  
  148  10:31  Extractor  
  148  10:35  Overlord x4, Extractor  
  144  10:44  Queen  
  146  10:58  Spore Crawler, Zerg Flyer Armor Level 1  
  146  11:00  Drone  
  146  11:01  Drone x6  
  146  11:02  Drone  
  153  11:04  Drone x4  
  153  11:05  Drone x3  
  160  11:21  Overseer x2  
  157  11:28  Overlord x2  
  151  11:32  Spore Crawler  
  151  11:33  Spore Crawler  
  131  11:41  Drone  
  131  11:42  Drone x5  
  131  11:43  Drone x7  
  131  11:44  Drone x6  
  131  11:45  Drone x2  
  148  11:51  Drone x3  
  148  11:52  Drone x3  
  154  11:58  Zerg Flyer Weapons Level 3  
  148  12:18  Zergling x18  
  148  12:19  Zergling x16  
  155  12:27  Adrenal Glands  
  150  12:40  Hatchery  
  136  13:01  Corruptor x12  
  147  13:21  Corruptor x7  
  147  13:26  Zerg Flyer Armor Level 2  
  160  13:34  Spine Crawler  
  158  13:41  Zergling x2  
  158  13:42  Zergling x24  
  164  13:58  Zergling x2  
  164  13:59  Zergling x18  
  168  14:10  Drone x3  
  168  14:11  Drone x5  
  168  14:13  Queen  
  177  14:18  Pneumatized Carapace  
  174  14:30  Zergling x2  
  174  14:31  Zergling x34  
  172  15:12  Spine Crawler  
  172  15:13  Hatchery, Spine Crawler  
  165  15:25  Hatchery, Greater Spire  
  161  15:32  Zergling x18  
  161  15:33  Zergling x36  
  161  15:35  Zergling x2  
  140  16:33  Mutalisk  
  140  16:34  Mutalisk x12  
  140  16:35  Mutalisk x3  
  144  16:55  Mutalisk x4  
  144  16:56  Mutalisk x3  
  152  17:06  Overlord x3  
  152  17:11  Overseer  
  152  17:12  Overseer  
Show
View Real Time Build Order
Export as new Build Order

Bones Protoss - Winner!

Build Orders: Nexus First, Carrier Rush 

Get SALT Encoding   

  12  0:00  Probe (Chrono Boost)  
  13  0:10  Probe (Chrono Boost)  
  14  0:21  Probe (Chrono Boost)  
  15  0:44  Nexus  
  15  0:52  Pylon  
  15  1:10  Probe (Chrono Boost)  
  16  1:11  Gateway  
  16  1:20  Probe (Chrono Boost)  
  16  1:22  Assimilator  
  17  1:26  Assimilator  
  17  1:30  Probe (Chrono Boost)  
  18  1:40  Probe (Chrono Boost)  
  19  1:50  Probe (Chrono Boost)  
  20  1:56  Probe (Chrono Boost)  
  20  1:59  Cybernetics Core  
  20  2:00  Probe (Chrono Boost)  
  20  2:01  Zealot  
  24  2:06  Probe (Chrono Boost)  
  25  2:10  Probe (Chrono Boost)  
  26  2:16  Probe (Chrono Boost)  
  26  2:20  Probe (Chrono Boost)  
  28  2:27  Probe (Chrono Boost)  
  29  2:31  Probe (Chrono Boost)  
  29  2:35  Stalker  
  29  2:36  Warp Gate  
  32  2:37  Probe (Chrono Boost)  
  32  2:42  Mothership Core (Chrono Boost)  
  35  2:48  Probe (Chrono Boost)  
  36  2:52  Pylon  
  36  2:58  Probe (Chrono Boost)  
  37  3:00  Probe (Chrono Boost)  
  37  3:01  Pylon  
  38  3:10  Adept  
  38  3:11  Probe x2 (Chrono Boost)  
  42  3:25  Probe x2 (Chrono Boost)  
  44  3:28  Stargate  
  44  3:31  Stargate  
  44  3:35  Probe x2 (Chrono Boost)  
  44  3:37  Assimilator  
  44  3:39  Assimilator  
  44  3:40  Adept  
  48  3:47  Probe (Chrono Boost)  
  48  3:48  Probe (Chrono Boost), Pylon  
  50  3:58  Probe x2 (Chrono Boost)  
  52  4:08  Probe (Chrono Boost)  
  52  4:09  Probe (Chrono Boost)  
  54  4:14  Oracle x2 (Chrono Boost)  
  60  4:18  Pylon  
  60  4:19  Probe x2 (Chrono Boost)  
  62  4:27  Forge  
  62  4:36  Probe x2 (Chrono Boost)  
  64  4:39  Fleet Beacon, Pylon  
  64  4:44  Adept  
  66  4:47  Probe x2 (Chrono Boost)  
  68  4:59  Probe x2  
  70  5:03  Carrier x2 (Chrono Boost)  
  70  5:04  Pylon  
  70  5:11  Probe x2  
  78  5:36  Nexus  
  78  5:37  Photon Cannon  
  78  5:38  Probe x2  
  78  5:40  Graviton Catapult  
  80  5:47  Pylon  
  80  5:49  Pylon  
  80  5:56  Carrier (Chrono Boost)  
  74  6:01  Probe x2  
  74  6:09  Adept  
  76  6:13  Carrier (Chrono Boost)  
  78  6:27  Probe x2  
  80  6:39  Probe x2  
  88  6:46  Pylon  
  88  6:48  Probe  
  88  6:49  Carrier (Chrono Boost)  
  88  6:51  Probe x2  
  88  6:52  Assimilator  
  88  6:53  Assimilator  
  91  6:58  Probe  
  92  7:01  Pylon  
  92  7:03  Probe, Carrier (Chrono Boost)  
  92  7:04  Probe  
  92  7:08  Probe, Adept, Photon Cannon  
  96  7:10  Pylon  
  102  7:16  Probe x2  
  104  7:23  Pylon  
  104  7:25  Probe, Photon Cannon  
  104  7:28  Probe  
  106  7:33  Probe  
  106  7:34  Protoss Air Weapons Level 1 (Chrono Boost)  
  113  7:37  Carrier (Chrono Boost)  
  113  7:39  Protoss Shields Level 1  
  113  7:44  Photon Cannon  
  113  7:50  Pylon  
  113  7:53  Carrier  
  113  8:08  Gateway  
  113  8:10  Gateway  
  117  8:18  Photon Cannon  
  114  8:21  Probe x3, Pylon  
  111  8:50  Probe x3  
  111  8:51  Twilight Council  
  114  8:58  Anion Pulse-Crystals  
  114  9:02  Probe x3  
  117  9:06  Phoenix  
  117  9:08  Pylon, Photon Cannon  
  117  9:14  Stargate  
  117  9:15  Phoenix  
  117  9:18  Pylon  
  119  9:27  Gateway  
  119  9:28  Gateway x2  
  119  9:32  Phoenix  
  119  9:36  Phoenix  
  121  9:39  Protoss Air Weapons Level 2 (Chrono Boost)  
  121  9:41  Dark Shrine  
  121  9:42  Protoss Shields Level 2  
  123  9:49  Photon Cannon  
  123  9:51  Adept x3  
  129  9:57  Phoenix x2  
  117  10:02  Phoenix  
  123  10:12  Sentry  
  123  10:13  Adept x2  
  129  10:20  Probe x3  
  132  10:23  Photon Cannon  
  132  10:37  Phoenix x2  
  132  10:42  Phoenix  
  138  10:55  Dark Templar x2  
  142  10:59  Dark Templar  
  144  11:10  Carrier x2  
  142  11:11  Photon Cannon  
  142  11:12  Photon Cannon  
  142  11:13  Pylon  
  142  11:26  Carrier  
  142  11:32  Adept x3  
  160  12:04  Pylon  
  160  12:05  Nexus, Pylon  
  160  12:06  Pylon x2  
  159  12:15  Zealot x6  
  171  12:29  Photon Cannon  
  169  12:38  Charge  
  169  12:40  Templar Archives  
  167  13:02  Photon Cannon  
  167  13:03  Photon Cannon  
  161  13:07  Pylon  
  161  13:10  Photon Cannon  
  161  13:11  Dark Templar  
  163  13:13  Dark Templar  
  163  13:16  Photon Cannon  
  163  13:18  Assimilator  
  165  13:22  Assimilator  
  165  13:25  Psionic Storm  
  165  13:30  High Templar x3  
  171  13:38  Protoss Air Weapons Level 3 (Chrono Boost)  
  171  13:39  High Templar  
  173  14:02  Photon Cannon  
  173  14:07  Zealot x5  
  181  14:10  Protoss Ground Weapons Level 1  
  181  14:26  Gateway x2  
  181  14:31  Zealot  
  181  14:32  Zealot x5  
  191  14:42  Robotics Facility  
  189  14:57  Zealot x4  
  189  14:58  Zealot x2  
  169  15:09  Gateway  
  169  15:10  Gateway  
  169  15:25  Dark Templar x2  
  161  15:35  Observer  
  162  15:38  High Templar x4  
  162  15:39  High Templar x2  
  162  15:40  Archon  
  162  15:41  Archon  
  162  15:42  Archon  
  174  15:56  Warp Prism  
  174  16:01  Photon Cannon  
  174  16:04  Photon Cannon  
  166  16:18  High Templar x6  
  168  16:21  Archon x2  
  168  16:22  Archon  
  170  16:28  Dark Templar x2  
  159  17:00  Phoenix x2  
  159  17:04  Phoenix  
  165  17:14  Photon Cannon  
  165  17:18  Photon Cannon  
  165  17:22  Archon, Photon Cannon  
  165  17:23  Photon Cannon  
  159  17:39  Archon  
Tags
 
Add a new tag
Caveats
  • Supply blocks, unpowered buildings, or Contaminate may cause inaccurate times.
  • Supply counts are checked every 10 seconds.